 Dungeon Crawl Stone Soup version 0.27-a0-1196-g3e9cee4cb2 (webtiles) character file.

Game seed: 11425869613262448487

106 pilgrim the Shooter (level 4, 0/27 HPs)
             Began as a Deep Elf Hunter on May 28, 2021.
             Killed by divine providence
             ... invoked by an orc priest
              (13 damage)
             ... on level 4 of the Dungeon.
             The game lasted 00:04:48 (2503 turns).

pilgrim the Shooter (Deep Elf Hunter)               Turns: 2503, Time: 00:04:49

Health: 0/27       AC:  3    Str: 10    XL:     4   Next: 55%
Magic:  6/6        EV: 12    Int: 16    God:
Gold:   136        SH:  0    Dex: 15    Spells: 3/3 levels left

rFire    . . .     SeeInvis .   b - +2 dagger (elec)
rCold    . . .     Faith    .   (no shield)
rNeg     . . .     Spirit   .   c - +0 leather armour
rPois    .         Reflect  .   (no helmet)
rElec    .         Harm     .   (no cloak)
rCorr    .         Rampage  .   (no gloves)
Will     .....                  (no boots)
Stlth    ++........             (no amulet)
HPRegen  0.09/turn              (no ring)
MPRegen  0.10/turn              (no ring)

@: no status effects
A: no striking features
a: no special abilities


You were on level 4 of the Dungeon.
You visited 1 branch of the dungeon, and saw 4 of its levels.

You collected 136 gold pieces.

Inventory:

Hand Weapons
 a - a +1 shortbow
 b - a +2 dagger of electrocution (weapon)
Missiles
 d - 6 arrows
Armour
 c - a +0 leather armour (worn)
Jewellery
 i - an amulet of the acrobat
Scrolls
 f - a scroll of magic mapping
 g - a scroll of acquirement {unknown}
 h - a scroll of fear {unknown}
 k - a scroll of identify {unknown}
Potions
 e - 3 potions of mutation {unknown}
 j - a potion of haste {unknown}


   Skills:
 + Level 2.5 Fighting
 + Level 6.2 Bows
 - Level 3.0 Dodging
 + Level 3.3 Stealth


You had 3 spell levels left.
You didn't know any spells.
Your spell library contained the following spells:

 Spells                   Type           Power      Damage    Failure   Level
 Magic Dart               Conj           0%         1d3       34%         1
 Searing Ray              Conj           0%         3d3       45%         2
 Dazzling Flash           Conj/Hex       0%         N/A       71%         3
 Fulminant Prism          Conj/Hex       0%         3d6       98%         4
 Iskenderun's Mystic Bla  Conj/Tloc      0%         2d3       98%         4


Dungeon Overview and Level Annotations

Branches:
Dungeon (4/15)
 Temple: D:4-7

Altars:
The Shining One


Message History

The orc wizard is heavily wounded.
The jackal bites you.
The orc wizard hits you with a +0 dagger.
An orc comes into view. It is wielding a +0 hand axe.
The jackal completely misses you.
The orc shouts!
You hit the orc wizard.
The orc wizard is severely wounded.
The orc wizard barely misses you. The jackal barely misses you.
You barely miss the orc wizard.
The orc wizard is severely wounded.
The jackal closely misses you.
The orc wizard hits you with a +0 dagger.
The jackal bites you but does no damage.
You barely miss the orc wizard.
The orc wizard is severely wounded.
The orc wizard hits you with a +0 dagger.
An orc priest comes into view. It is wielding a +0 short sword.
The jackal bites you.
The orc shouts!
You hit the orc wizard but do no damage.
Lightning courses through the orc wizard!
You kill the orc wizard!
The jackal bites you. The orc hits you with a +0 hand axe.
The orc priest looks satisfied for a moment.
The jackal closely misses you. The jackal bites you.
The orc priest miscasts a cantrip.
The jackal barely misses you.
Found 20 gold pieces.
Found a robe.
The jackal completely misses you. The jackal closely misses you.
The jackal closely misses you.
You see here a +0 whip.
The jackal barely misses you.
There is a stone staircase leading up here.
The orc priest invokes the aid of Beogh against you.
Beogh smites you!
You die... #.[...#... #$........ #......... . ### #........ .. g((

#.#####....... ##.
.....#####..........# ...
....................# ....
........##@ho.o.o...# #.#.
........####.##.###.####.##
..........#
#.#...........##
..........#
#.#...........#)
......(...#
#.#........)....
..........#
..#............#
..(.......#
###..........†## ##.......
#..#.#.####... ###........
#.....)?.†..†#


You could see an orc priest, 2 orcs and a jackal.

Vanquished Creatures
  An orc wizard (D:4)
  2 adders
  3 dart slugs
  An orc (D:3)
  6 ball pythons
  6 endoplasms
  3 goblins
  5 hobgoblins
  3 jackals
  3 quokkas
  7 bats
  4 frilled lizards
  6 kobolds
  2 rats
52 creatures vanquished.

Notes
Turn   | Place    | Note
-------+----------+-------------------------------------------
     0 | D:1      | pilgrim the Deep Elf Hunter began the quest for the Orb.
     0 | D:1      | Reached XP level 1. HP: 12/12 MP: 3/3
   247 | D:1      | Reached XP level 2. HP: 17/17 MP: 4/4
   973 | D:2      | Reached XP level 3. HP: 21/21 MP: 5/5
  1821 | D:3      | Found a faded altar of an unknown god.
  1842 | D:3      | Reached XP level 4. HP: 26/26 MP: 6/6
  1868 | D:3      | Reached skill level 6 in Bows
  1999 | D:3      | Found a glowing golden altar of the Shining One.
  2503 | D:4      | Killed from afar by an orc priest

Illustrated notes

Levels and vault maps discovered:
D:1:      minmay_arrival_diagonal_passages, layout_basic
D:2:      layout_basic
D:3:      layout_basic, nicolae_tso_carved_into_rock,
          hellmonk_ecumenical_altar_crossroads, chequers_serial_rivers_large_a,
          mrwooster_statue_mirror, moated_statue
D:4:      layout_rooms, led_xom_imps, minmay_temple_entry_poolview

Skill      XL: |  1  2  3  4 |
---------------+-------------+-----
Stealth        | 2 3 |  3.3
Fighting       | 2 |  2.5
Dodging        | 3 |  3.0
Bows           | 6 |  6.2

Action                   |  1- 3 |  4- 6 || total
-------------------------+-------+-------++-------
Melee: Dagger            |       |     5 ||     5
 Fire: Shortbow          |    87 |    30 ||   117
  Use: Scroll            |     1 |       ||     1
Armor: Leather armour    |     4 |     1 ||     5
Dodge: Dodged            |    14 |    11 ||    25

Table legend: (Time is in decaauts)
 A = Elapsed time spent in this place.
 B = Non-inter-level travel time spent in this place.
 C = Inter-level travel time spent in this place.
 D = Time resting spent in this place.
 E = Time spent auto-exploring this place.
 F = Levels seen in this place.
 G = Mean time per level.
                   A        B        C        D        E       F      G
               +--------+--------+--------+--------+--------+-----+--------+
         Total |   2516 |   2318 |    198 |      0 |   2054 |   4 |  629.0 |
       Dungeon |   2516 |   2318 |    198 |      0 |   2054 |   4 |  629.0 |
               +--------+--------+--------+--------+--------+-----+--------+

Top non-repeatable levels by time:
     D:1: 962 daAuts
     D:3: 917 daAuts
     D:2: 543 daAuts
     D:4: 92 daAuts
